 Dungeon Crawl Stone Soup version 0.19.5 (webtiles) character file.

146 epen the Ducker (level 5, -2/25 HPs)
             Began as a Felid Abyssal Knight on Aug 11, 2017.
             Was a Priest of Lugonu.
             Slain by a big kobold (4 damage)
             ... in a sewer.
             The game lasted 00:07:42 (5532 turns).

epen the Ducker (Felid Abyssal Knight)              Turns: 5532, Time: 00:07:43

Health: -2/25      AC:  2    Str: 13    XL:     5   Next: 7%
Magic:  17/17      EV: 20    Int: 14    God:    Lugonu [***...]
Gold:   120        SH:  0    Dex: 17    Spells: 0 memorised, 4 levels left
                                        Lives:  0   Deaths: 1

rFire  . . .     SeeInvis +       - Unarmed
rCold  . . .     Gourm    .     (armour unavailable)
rNeg   . . .     Faith    .     (shield unavailable)
rPois  .         Spirit   .     (helmet unavailable)
rElec  .         Reflect  .     (cloak unavailable)
rCorr  .         Harm     .     (gloves unavailable)
MR     .....                    (boots unavailable)
Stlth  +++.......               (no amulet)
                                p - ring of magical power
                                k - +5 ring of strength

@: quick
A: no armour, no weapons or thrown items, stealth, claws 1, fangs 3, see
invisible, carnivore 3, speed 1, shaggy fur 2, slow metabolism 1, sharp paws
a: Depart the Abyss, Bend Space, Banish, Renounce Religion


You were in a sewer.
You worshipped Lugonu.
Lugonu was most pleased with you.
You were not hungry.

You visited 1 branch of the dungeon, and saw 4 of its levels.
You visited the Abyss 1 time.
You also visited: Sewer.

You collected 120 gold pieces.

Inventory:

Jewellery
 j - an uncursed ring of protection from magic {unknown}
 k - a +5 ring of strength (left paw)
 l - an uncursed ring of flight
 p - a ring of magical power (right paw)
Scrolls
 g - a scroll of amnesia
 o - 2 scrolls of enchant armour
Potions
 b - a potion of degeneration
 c - 3 potions of curing
 d - a potion of brilliance {unknown}
 f - 2 potions of might {unknown}
 i - a potion of heal wounds {unknown}
Comestibles
 a - a meat ration
 h - a slice of pizza


   Skills:
 + Level 3.9 Fighting
 + Level 4.7 Dodging
 + Level 3.1 Stealth
 * Level 3.8 Unarmed Combat
 + Level 3.0 Invocations


You had 4 spell levels left.
You didn't know any spells.

Dungeon Overview and Level Annotations

Branches:
Dungeon (4/15)
 Temple: D:4-7

Altars:
Ashenzari
Hepliaklqana
Makhleb
Okawaru
Ru
Trog
Vehumet

Annotations:
D:4 Edmund


Innate Abilities, Weirdness & Mutations

You cannot wear armour.
You are incapable of wielding weapons or throwing items.
Your paws allow you to move quietly. (Stealth)
You have sharp claws.
You have razor-sharp teeth.
You have supernaturally acute eyesight. (SInv)
You are carnivorous and can eat meat at any time.
You cover ground quickly.
You are covered in thick fur. (AC +2)
You have a slow metabolism.
Your sharp claws are effective at attacking unaware monsters.


Message History

You scratch the big kobold but do no damage.
Your bite misses the big kobold.
The big kobold is severely wounded.
The big kobold misses you. The big kobold hits you.
* * * LOW HITPOINT WARNING * * *
You scratch the big kobold but do no damage.
The big kobold is severely wounded.
The big kobold splashes around in the water. x2
You barely miss the big kobold.
The big kobold is severely wounded.
The big kobold hits you with a +0 dagger.
* * * LOW HITPOINT WARNING * * *
You scratch the big kobold. You bite the big kobold.
The big kobold is severely wounded.
The big kobold misses you. The big kobold barely misses you.
You closely miss the big kobold.
You bite the big kobold, but do no damage.
The big kobold is severely wounded.
The big kobold hits you.
You die...

..≈≈≈≈≈.≈#
∩..≈..≈≈≈#
...≈...≈≈#
...≈.≈.≈.≈# #####
≈..≈≈##≈≈≈.####≈.≈
...≈## #..≈.≈.≈≈#
≈≈.≈# #≈.≈≈.≈≈≈#
######
#.≈≈≈.≈K###≈≈≈≈.#
#######≈@K≈≈#
#####≈≈≈≈.# ######


You could see 2 big kobolds.

Vanquished Creatures
  A big kobold (Sewer)
  A centaur skeleton (D:4)
  A gnoll (D:1)
  6 adders (D:2)
  3 river rats (Sewer)
  2 oozes (Sewer)
  A worm (D:2)
  3 dart slugs
  2 leopard geckos
  5 giant cockroaches
  7 goblins
  8 hobgoblins
  A quokka (D:3)
  3 ball pythons
  9 bats
  7 frilled lizards
  7 kobolds
  10 rats
77 creatures vanquished.

Vanquished Creatures (others)
  A kobold (D:2)
  A rat (D:2)
2 creatures vanquished.

Grand Total: 79 creatures vanquished

Notes
Turn   | Place    | Note
-------+----------+-------------------------------------------
     0 | Abyss:1  | epen the Felid Abyssal Knight began the quest for the Orb.
     0 | Abyss:1  | Reached XP level 1. HP: 10/10 MP: 3/3
    44 | D:1      | Escaped the Abyss
   248 | D:1      | Reached XP level 2. HP: 14/14 MP: 4/4
  1333 | D:1      | Reached ** piety under Lugonu
  1353 | D:1      | Reached skill level 1 in Stealth
  1353 | D:1      | Reached XP level 3. HP: 3/17 MP: 5/5
  1815 | D:2      | Found a radiant altar of Vehumet.
  2173 | D:2      | Found a faded altar of an unknown god.
  2173 | D:2      | Found a faded altar of an unknown god.
  2178 | D:2      | Found an iron altar of Okawaru.
  2180 | D:2      | Found a bloodstained altar of Trog.
  2182 | D:2      | Found a faded altar of an unknown god.
  2347 | D:2      | Reached XP level 4. HP: 21/21 MP: 6/6
  3082 | D:2      | HP: 1/21 [goblin/club (3)]
  3404 | D:2      | Reached skill level 4 in Dodging
  3873 | D:2      | Found a shattered altar of Ashenzari.
  4134 | D:3      | Found a faded altar of an unknown god.
  4568 | D:3      | Found a hazy altar of Hepliaklqana.
  4711 | D:3      | Reached XP level 5. HP: 24/24 MP: 8/8
  4808 | D:4      | Found a sacrificial altar of Ru.
  4839 | D:4      | Reached *** piety under Lugonu
  4886 | D:4      | Noticed Edmund
  4911 | D:4      | Found a burning altar of Makhleb.
  4934 | D:4      | Found a glowing drain.
  4971 | Sewer    | Entered a sewer
  5403 | Sewer    | Gained mutation: You are covered in thick fur. (AC +2) [Felid growth]
  5403 | Sewer    | Reached XP level 6. HP: 26/28 MP: 9/9
  5501 | Sewer    | Slain by a big kobold
  5502 | Sewer    | Reached XP level 5. HP: -2/25 MP: 17/17
  5532 | Sewer    | Slain by a big kobold

Skill      XL: |  1  2  3  4  5 |
---------------+----------------+-----
Invocations    | 2 3 |  3.0
Stealth        | 1 2 3 |  3.1
Unarmed Combat | 3 |  3.8
Dodging        | 4 |  4.7
Fighting       | |  3.9

Action                   |  1- 3 |  4- 6 || total
-------------------------+-------+-------++-------
Melee: Unarmed           |   111 |   211 ||   322
       Bite              |     7 |    26 ||    33
       Punch             |       |     3 ||     3
  Use: Scroll            |       |    11 ||    11
 Stab: Sleeping          |     5 |     4 ||     9
       Distracted        |     1 |     2 ||     3
  Eat: Chunk             |    10 |     4 ||    14
Armor: Skin              |     9 |     9 ||    18
Dodge: Dodged            |    92 |   201 ||   293
